 Dungeon Crawl Stone Soup version 0.21-a0-2-ge494091 (webtiles) character file.

326512 Megalobster the Devastator (level 20, -5/115 HPs)
             Began as a Deep Elf Conjurer on May 22, 2017.
             Was the Champion of Vehumet.
             Killed from afar by a deep elf sorcerer (51 damage)
             ... with damnation
             ... on level 3 of the Elven Halls.
             The game lasted 07:48:31 (67103 turns).

Megalobster the Devastator (Deep Elf Conjurer)     Turns: 67103, Time: 07:48:32

Health: -5/115     AC: 19    Str:  5    XL:     20   Next: 76%
Magic:  45/67      EV: 24    Int: 30    God:    Vehumet [******]
Gold:   2129       SH:  9    Dex: 18    Spells: 10/53 levels left

rFire    . . .     SeeInvis .   D - staff of power
rCold    . . .     Gourm    +   o - +2 buckler {reflect}
rNeg     . . .     Faith    .   a - +2 robe {MR+}
rPois    .         Spirit   .   Z - +2 hat
rElec    .         Reflect  +   V - +2 cloak {MR+}
rCorr    .         Harm     .   p - +2 pair of gloves {Dex+3}
MR       +++++                  h - +1 pair of boots
Stlth    ++++......             r - amulet of the gourmand
Regen    0.3/turn               e - ring of protection from magic
MPRegen  0.4/turn               l - ring of magical power

@: no status effects
A: repulsion field 1, icy blue scales 1, molten scales 1
}: 2/15 runes: serpentine, barnacled
a: Renounce Religion


You were on level 3 of the Elven Halls.
You worshipped Vehumet.
Vehumet was exalted by your worship.
You were completely stuffed.

You visited 7 branches of the dungeon, and saw 35 of its levels.
You also visited: Sewer.

You collected 3774 gold pieces.
You spent 1645 gold pieces at shops.

Inventory:

Armour
 a - a +2 robe of magic resistance (worn)
 h - a +1 pair of boots (worn)
 o - a +2 buckler of reflection (worn)
 p - a +2 pair of gloves of dexterity (worn)
 O - the +2 leather armour "Dekhluh" {Int+2 SInv}
   (You found it on level 7 of the Dungeon)

   It affects your intelligence (+2).
   It lets you see invisible.
 V - a +2 cloak of magic resistance (worn)
 Z - a +2 hat (worn)
Magical Staves
 D - an uncursed staff of power (weapon)
Jewellery
 e - a ring of protection from magic (left hand)
 l - a ring of magical power (right hand)
 q - an uncursed ring of protection from fire {unknown}
 r - an amulet of the gourmand (around neck)
 y - an uncursed amulet of magic regeneration
 A - an uncursed ring of flight
 P - an uncursed ring of see invisible
Wands
 k - a wand of digging (11/24)
 z - a wand of lightning (1/15)
 K - a wand of acid (9/15)
 M - a wand of scattershot (3/9)
 N - a wand of iceblast (5/15)
 W - a wand of clouds (5/9)
Scrolls
 f - 3 scrolls of identify
 g - 7 scrolls of teleportation
 n - 9 scrolls of remove curse
 u - a scroll of enchant weapon
 x - 4 scrolls of recharging
 B - 6 scrolls of fear
 C - 6 scrolls of fog
 U - a scroll of blinking
Potions
 b - 8 potions of lignification
 d - a potion of cancellation
 i - 7 potions of curing
 m - a potion of might
 t - 2 potions of resistance
 v - 7 potions of haste
 F - a potion of magic
 G - 5 potions of agility
 I - 4 potions of invisibility
 T - a potion of ambrosia
Miscellaneous
 w - a lamp of fire
Comestibles
 c - 10 bread rations
 j - 5 meat rations
 s - 10 fruits
 E - 5 chunks of flesh
 H - 7 royal jellies


   Skills:
 - Level 9.1 Fighting
 - Level 4.7 Armour
 - Level 12.8 Dodging
 - Level 8.0 Stealth
 - Level 9.0 Shields
 + Level 17.4 Spellcasting
 + Level 19.4 Conjurations
 - Level 5.7 Hexes
 - Level 3.9 Summonings
 - Level 4.9 Translocations
 * Level 18.4 Fire Magic
 - Level 9.3 Ice Magic
 - Level 12.0 Earth Magic
 - Level 6.6 Evocations


You had 10 spell levels left.
You knew the following spells:

 Your Spells              Type           Power        Failure   Level  Hunger
a - Iron Shot             Conj/Erth      #######...   1%          6    ##.....
c - Iskenderun's Mystic   Conj           #######.     0%          4    None
d - Fulminant Prism       Conj/Hex       #######...   1%          4    None
e - Force Lance           Conj/Tloc      #######.     1%          4    None
f - Fire Storm            Conj/Fire      #######...   13%         9    #######
g - Freeze                Ice            ####         1%          1    None
h - Fireball              Conj/Fire      #######...   0%          5    None
i - Conjure Flame         Conj/Fire      #######.     0%          3    None
j - Throw Icicle          Conj/Ice       #######.     1%          4    None
k - Summon Butterflies    Summ           #####...     1%          1    None
l - Blink                 Tloc           N/A          1%          2    None


Dungeon Overview and Level Annotations

Branches:
Dungeon (15/15)            Temple (1/1) D:5            Lair (6/6) D:10
 Shoals (4/4) Lair:2        Snake (4/4) Lair:3        Slime (0/5) Lair:5
    Orc (2/2) D:10            Elf (3/3) Orc:2        Vaults (0/5) D:14
 Depths (0/5) D:15

Altars:
Ashenzari
Dithmenos
Elyvilon
Fedhas
Gozag
Hepliaklqana
Kikubaaqudgha
Makhleb
Nemelex Xobeh
Okawaru
Qazlal
Ru
Sif Muna
Trog
Uskayaw
Vehumet
Wu Jian
Xom
Yredelemnul
Zin
The Shining One
Jiyva

Shops:
D:7 *   Orc:2 [?}*   Shoals:1 *   Shoals:3 *

Annotations:
Elf:3 1 transporter, exclusion: orange crystal statue


Innate Abilities, Weirdness & Mutations

You are surrounded by a mild repulsion field. (EV +2)
You are partially covered in icy blue scales. (AC +2)
You are partially covered in molten scales. (AC +2)


Message History

The deep elf sorcerer gestures at you while chanting.
The bolt of acid misses you.
The deep elf high priest mumbles some strange prayers to its god against you.
The sphere of damnation explodes!
The damnation engulfs you!
Casting: Iron Shot
Confirm with . or Enter, or press ? or * to list all spells.
Aiming: Fireball
Press: ? - help, Shift-Dir - straight line The fireball explodes!
The fireball engulfs the deep elf sorcerer.
You kill the deep elf sorcerer!
Vehumet accepts your kill.
You feel your power returning.
The fireball engulfs the deep elf sorcerer.
The deep elf sorcerer is almost dead.
The deep elf sorcerer mumbles some strange words.
You feel disoriented.
The deep elf sorcerer gestures at you while chanting.
The sphere of damnation explodes!
The damnation engulfs you!
You die...

.e.) #e)# #e.# #.)# #.)# #.[#
#.(## ### #.@.# #### ##### #.#
#').####..# #.... #.#
#.).......# ####...
#.#######.........###......
#..........#####....'......
#..........# #..###......
#.#######..# #..###......
###'## ###''### #....'......
##....####......###....'......


You could see a deep elf sorcerer, a deep elf high priest and a deep elf mage.

Vanquished Creatures
  Vashnia (Snake:4)
  Nikola (Elf:1)
  Jorgrun (Snake:4)
  Rupert (Lair:3)
  A deep elf blademaster (Elf:3)
  The ghost of kal9871 the Fighter, an adept TrAs of Uskayaw (Elf:1)
  A sphinx (shapeshifter) (D:14)
  The ghost of pedritolo the Brawler, an adept DrCK of Xom (Snake:4)
  Agnes (D:15)
  Ilsuiw (Shoals:4)
  12 nagarajas
  Aizul (Snake:3)
  A frost giant (Shoals:3)
  7 deep elf sorcerers (Elf:3)
  The ghost of inmateoo the Grappler, a journeyman TrFi of Okawaru (D:14)
  A deep elf elementalist (Elf:3)
  Louise (Elf:1)
  A stone giant (Shoals:4)
  Nessos (D:15)
  4 deep elf demonologists
  2 deep elf annihilators
  10 merfolk javelineers
  2 green deaths (Snake:1)
  A fire dragon (Lair:6)
  4 deep elf high priests
  3 deep elf death magi
  10 merfolk impalers
  2 ice dragons (D:15)
  Fannar (Lair:3)
  13 naga warriors
  4 merfolk avatars
  9 hydras
  The ghost of Goblin1989 the Slicer, a journeyman KoBe of Trog (D:10)
  2 alligator snapping turtles
  3 centaur warriors
  20 two-headed ogres
  A satyr (Shoals:3)
  29 dancing weapons
  22 anacondas
  7 merfolk aquamancers
  9 death yaks
  4 ogre magi (Orc:2)
  26 naga sharpshooters
  7 shock serpents
  24 deep elf knights
  An orc high priest (Orc:2)
  Nergalle (D:10)
  2 large abominations (Elf:1)
  6 salamander mystics
  14 sea snakes
  17 naga ritualists
  A wizard (D:14)
  An orc knight (Orc:2)
  9 deep elf archers
  10 mana vipers
  A wolf spider zombie (D:13)
  3 ugly things
  39 deep elf magi
  26 harpies
  A lindwurm (Lair:6)
  7 fauns (Shoals:1)
  4 necromancers (Elf:1)
  2 orc sorcerers
  9 cyclopes
  An elephant (Lair:4)
  6 salamanders
  50 black mambas
  17 manticores
  4 water nymphs
  11 merfolk sirens
  An eye of devastation (shapeshifter) (D:15)
  A torpor snail (Lair:2)
  3 guardian serpents (Snake:3)
  39 naga magi
  3 molten gargoyles (Lair:6)
  A gargoyle (D:13)
  12 spiny frogs
  3 rime drakes
  5 centaur skeletons
  14 komodo dragons
  4 freezing wraiths
  41 merfolk
  A tengu conjurer (D:14)
  8 trolls
  6 meliai
  2 polar bears
  A meliai (shapeshifter) (Elf:2)
  A hornet (D:13)
  27 blink frogs
  17 dream sheep
  8 slime creatures
  9 snapping turtles
  3 wind drakes (Shoals:4)
  Sigmund (D:4)
  A meliai zombie (D:14)
  12 hippogriffs
  12 water elementals
  3 air elementals
  59 yaks
  2 wraiths
  4 fire elementals
  A hungry ghost (D:15)
  4 wyverns
  4 basilisks
  6 vampire mosquitoes
  2 steam dragons (Lair:6)
  68 nagas
  2 wargs (Orc:2)
  16 water moccasins
  8 porcupines
  4 hell hounds (Lair:6)
  9 ice beasts
  26 orc warriors
  Purgy (Sewer)
  A hornet zombie (D:9)
  5 sky beasts
  4 black bears
  2 necrophages
  3 phantoms
  38 ogres
  26 wolves
  8 centaurs
  4 big kobolds
  26 crocodiles
  20 bullfrogs
  2 elf zombies (Elf:1)
  A gnoll sergeant (D:7)
  A wyvern zombie (D:12)
  A wyvern skeleton (D:13)
  4 scorpions
  2 earth elementals (Elf:3)
  A water moccasin skeleton (D:5)
  10 killer bees
  8 howler monkeys
  5 electric eels
  2 bullfrog zombies
  5 crimson imps
  2 centaur zombies
  5 lava snakes (Lair:6)
  A quasit (D:7)
  5 jellies
  A gnoll shaman (D:5)
  9 hounds
  19 orc priests
  17 orc wizards
  7 iguanas
  10 worker ants
  A killer bee zombie (D:9)
  A hound zombie (D:9)
  A hound skeleton (D:10)
  A worker ant zombie (D:5)
  A howler monkey skeleton (D:9)
  9 gnolls
  17 adders
  A river rat (D:6)
  5 shadow imps
  An ooze (D:3)
  2 adder skeletons
  A worm (D:2)
  A dart slug (D:1)
  12 leopard geckos
  76 orcs
  3 ball pythons
  8 giant cockroaches
  7 goblins
  12 hobgoblins
  23 jackals
  10 quokkas
  9 bats
  12 frilled lizards
  A jackal skeleton (D:7)
  20 kobolds
  A quokka skeleton (D:7)
  9 rats
  2 fungi
  16 plants
1472 creatures vanquished.

Vanquished Creatures (others)
  A frost giant (Shoals:3)
  A naga warrior (Snake:3)
  A deep elf knight (Elf:3)
  A cyclops (Shoals:4)
  2 salamanders
  A blink frog (Lair:2)
  A merfolk (Shoals:4)
  A naga (Snake:4)
  A human (D:4)
  186 fulminant prisms
  11 fungi
  23 plants
  5 toadstools (D:1)
235 creatures vanquished.

Grand Total: 1707 creatures vanquished

Notes
Turn   | Place    | Note
-------+----------+-------------------------------------------
     0 | D:1      | Megalobster the Deep Elf Conjurer began the quest for the Orb.
     0 | D:1      | Reached XP level 1. HP: 10/10 MP: 6/6
   215 | D:1      | Reached XP level 2. HP: 15/15 MP: 6/8
   219 | D:1      | Learned a level 2 spell: Searing Ray
   486 | D:1      | Reached skill level 5 in Conjurations
   932 | D:1      | Reached XP level 3. HP: 19/19 MP: 6/10
  2038 | D:2      | Found an opulent altar of Gozag.
  2210 | D:2      | Reached XP level 4. HP: 19/24 MP: 6/12
  2302 | D:2      | Learned a level 4 spell: Iskenderun's Mystic Blast
  2307 | D:2      | Learned a level 4 spell: Fulminant Prism
  2834 | D:2      | Reached skill level 6 in Conjurations
  2834 | D:2      | Reached skill level 1 in Hexes
  3092 | D:3      | Reached XP level 5. HP: 28/28 MP: 3/13
  3227 | D:3      | Noticed a hand axe
  3228 | D:3      | Noticed a dagger
  3246 | D:3      | Found a hide-covered altar of Uskayaw.
  4197 | D:3      | Noticed an ice beast
  4204 | D:3      | Killed an ice beast
  4204 | D:3      | Reached skill level 5 in Spellcasting
  4204 | D:3      | Reached skill level 7 in Conjurations
  4204 | D:3      | Reached XP level 6. HP: 32/32 MP: 7/15
  4210 | D:3      | Learned a level 4 spell: Force Lance
  4490 | D:4      | Found an ancient bone altar of Kikubaaqudgha.
  4497 | D:4      | Noticed a human
  4500 | D:4      | Killed a human
  5116 | D:4      | Reached skill level 1 in Translocations
  5180 | D:4      | Noticed Sigmund
  5188 | D:4      | Killed Sigmund
  5188 | D:4      | Reached XP level 7. HP: 33/36 MP: 2/17
  5370 | D:4      | Found a hazy altar of Hepliaklqana.
  5734 | D:5      | Entered Level 5 of the Dungeon
  5890 | D:5      | Reached skill level 8 in Conjurations
  6177 | D:5      | Reached skill level 1 in Fighting
  6330 | D:5      | Reached XP level 8. HP: 38/43 MP: 7/19
  6837 | D:5      | Reached skill level 5 in Hexes
  7222 | D:5      | Found a staircase to the Ecumenical Temple.
  7242 | Temple   | Entered the Ecumenical Temple
  7252 | Temple   | Became a worshipper of Vehumet
  7433 | D:5      | Found a stormy altar of Qazlal.
  7458 | D:5      | Reached skill level 9 in Conjurations
  7936 | D:6      | Found a glowing drain.
  7974 | Sewer    | Entered a sewer
  8005 | Sewer    | Noticed Purgy
  8009 | Sewer    | Killed Purgy
  8135 | Sewer    | Got a jewelled chain mail
  8255 | D:6      | Reached XP level 9. HP: 48/48 MP: 21/21
  8347 | D:6      | Learned a level 3 spell: Gell's Gravitas
  8514 | D:6      | Reached skill level 1 in Armour
  9177 | D:7      | Reached skill level 5 in Dodging
  9218 | D:7      | Reached * piety under Vehumet
  9218 | D:7      | Offered knowledge of Freeze by Vehumet.
  9222 | D:7      | Learned a level 1 spell: Freeze
  9232 | D:7      | Got an ancient leather armour
  9238 | D:7      | Found Mujy's Assorted Antiques.
  9287 | D:7      | Identified the +2 leather armour "Dekhluh" {Int+2 SInv} (You found it on level 7 of the Dungeon)
  9444 | D:7      | Found a deep blue altar of Sif Muna.
  9742 | D:7      | Found a stormy altar of Qazlal.
  9904 | D:7      | Reached skill level 1 in Ice Magic
  9947 | D:7      | Reached skill level 10 in Conjurations
 10426 | D:8      | Reached skill level 1 in Shields
 10602 | D:8      | Reached XP level 10. HP: 56/56 MP: 16/24
 10844 | D:8      | Reached ** piety under Vehumet
 10848 | D:8      | Offered knowledge of Throw Flame by Vehumet.
 10862 | D:8      | Learned a level 2 spell: Throw Flame
 11204 | D:8      | Reached skill level 1 in Fire Magic
 11829 | D:9      | Noticed a two-headed ogre
 11837 | D:9      | Killed a two-headed ogre
 12017 | D:9      | Found a radiant altar of Vehumet.
 12060 | D:9      | Offered knowledge of Conjure Flame by Vehumet.
 12065 | D:9      | Learned a level 3 spell: Conjure Flame
 12115 | D:9      | Noticed a two-headed ogre
 12122 | D:9      | Killed a two-headed ogre
 12537 | D:9      | Reached *** piety under Vehumet
 12732 | D:9      | Found a shattered altar of Ashenzari.
 12886 | D:9      | Found an iron altar of Okawaru.
 13122 | D:10     | Entered Level 10 of the Dungeon
 13255 | D:10     | Reached skill level 11 in Conjurations
 13384 | D:10     | Noticed Goblin1989's ghost (journeyman KoBe)
 13402 | D:10     | Killed Goblin1989's ghost
 13402 | D:10     | Reached XP level 11. HP: 57/61 MP: 12/26
 13537 | D:10     | Found a burning altar of Makhleb.
 13695 | D:10     | Found a staircase to the Lair.
 13788 | D:10     | Found a staircase to the Orcish Mines.
 13941 | D:10     | Offered knowledge of Static Discharge by Vehumet.
 14043 | D:10     | Noticed a two-headed ogre
 14056 | D:10     | Killed a two-headed ogre
 14368 | D:10     | Noticed Nergalle
 14382 | D:10     | Killed Nergalle
 14382 | D:10     | Reached skill level 5 in Fire Magic
 14501 | D:10     | Noticed a two-headed ogre
 14509 | D:10     | Killed a two-headed ogre
 14593 | Lair:1   | Entered Level 1 of the Lair of Beasts
 14993 | Lair:1   | Reached **** piety under Vehumet
 15519 | Lair:2   | Got a smoking falchion
 15751 | Lair:1   | HP: 3/62 [poisoned by a spiny frog]
 15759 | Lair:1   | HP: 3/62 [poisoned by a spiny frog]
 15889 | Lair:1   | Offered knowledge of Throw Icicle by Vehumet.
 16066 | Lair:1   | Identified the +5 falchion "Cimnuef" {slice, rN+ Int-5 Dex+3} (You found it on level 2 of the Lair of Beasts)
 16139 | Lair:2   | Reached skill level 5 in Shields
 16293 | Lair:2   | Learned a level 4 spell: Throw Icicle
 16783 | Lair:2   | Reached XP level 12. HP: 68/68 MP: 27/27
 16823 | Lair:2   | Reached skill level 12 in Conjurations
 16933 | Lair:2   | Reached skill level 5 in Fighting
 16933 | Lair:2   | Reached skill level 10 in Spellcasting
 17433 | Lair:2   | Found a staircase to the Shoals.
 18533 | Lair:3   | Noticed Fannar
 18559 | Lair:3   | Killed Fannar
 18745 | D:10     | Identified the +2 chain mail of the Komodo Dragon {rN+ Str+2} (You found it in a sewer)
 18792 | D:10     | Learned a level 5 spell: Fireball
 18872 | D:7      | Bought a potion of curing for 78 gold pieces
 18872 | D:7      | Bought a white potion for 23 gold pieces
 18872 | D:7      | Bought a scroll labeled NOKONUT BOCVITE for 26 gold pieces
 18951 | D:10     | Gained mutation: You are agile. (Dex +2) [potion of mutation]
 18951 | D:10     | Gained mutation: Scrolls take you a little longer to read. [potion of mutation]
 18951 | D:10     | Gained mutation: You possess an exceptional clarity of mind. [potion of mutation]
 18952 | D:10     | Lost mutation: Scrolls take you a little longer to read. [potion of mutation]
 18952 | D:10     | Lost mutation: You possess an exceptional clarity of mind. [potion of mutation]
 18952 | D:10     | Lost mutation: You are agile. (Dex +2) [potion of mutation]
 18952 | D:10     | Gained mutation: You possess an exceptional clarity of mind. [potion of mutation]
 18952 | D:10     | Gained mutation: You have a pair of small antennae on your head. [potion of mutation]
 19188 | Lair:3   | Reached ***** piety under Vehumet
 19188 | Lair:3   | Offered knowledge of Bolt of Cold by Vehumet.
 19476 | Lair:3   | Reached skill level 1 in Evocations
 19519 | Lair:3   | Found a staircase to the Snake Pit.
 19525 | Lair:3   | Noticed Rupert
 19541 | Lair:3   | Killed Rupert
 19958 | Lair:3   | Reached XP level 13. HP: 73/73 MP: 27/29
 21334 | Lair:4   | Reached skill level 5 in Ice Magic
 21346 | Lair:3   | Reached skill level 13 in Conjurations
 22479 | Lair:4   | Offered knowledge of Irradiate by Vehumet.
 23336 | Lair:5   | Found a viscous altar of Jiyva.
 23337 | Lair:5   | Found a staircase to the Slime Pits.
 24090 | Lair:6   | Entered Level 6 of the Lair of Beasts
 24519 | Lair:6   | Reached XP level 14. HP: 80/80 MP: 27/31
 24831 | Lair:6   | Reached skill level 10 in Dodging
 24839 | Lair:6   | Reached skill level 10 in Fire Magic
 25110 | Lair:6   | Reached skill level 5 in Evocations
 25965 | Lair:6   | Reached skill level 14 in Conjurations
 27271 | Lair:6   | Found a large runed door.
 27272 | Lair:6   | Found a large runed door.
 28015 | D:10     | Learned a level 1 spell: Summon Butterflies
 28177 | D:11     | Learned a level 2 spell: Blink
 28491 | D:11     | Found an opulent altar of Gozag.
 28844 | D:12     | Got a polished chain mail
 28970 | D:12     | Found a blossoming altar of Fedhas.
 29420 | D:10     | Identified the +0 chain mail of Spring {MR+ Regen+ MP-9 Str+2} (You found it on level 12 of the Dungeon)
 29513 | D:12     | Reached skill level 1 in Summonings
 31117 | D:14     | Noticed inmateoo's ghost (journeyman TrFi)
 31135 | D:14     | Killed inmateoo's ghost
 31135 | D:14     | Reached XP level 15. HP: 85/85 MP: 8/33
 31740 | D:14     | Offered knowledge of Conjure Ball Lightning by Vehumet.
 31971 | D:14     | Noticed a storm dragon
 31971 | D:14     | a dire elephant changed into a storm dragon
 32122 | D:14     | Noticed a shadow dragon
 32188 | D:14     | Noticed a sphinx
 32188 | D:14     | a shadow dragon changed into a sphinx
 32198 | D:14     | Killed a sphinx
 32449 | Orc:1    | Entered Level 1 of the Orcish Mines
 32588 | Orc:2    | Entered Level 2 of the Orcish Mines
 33370 | Orc:2    | Found a staircase to the Elven Halls.
 33433 | Orc:2    | Reached skill level 15 in Conjurations
 33598 | Orc:2    | Offered knowledge of Lightning Bolt by Vehumet.
 34004 | Orc:2    | Found Deklenik's Magic Scroll Emporium.
 34004 | Orc:2    | Found Tyki's Assorted Antiques.
 34005 | Orc:2    | Found Byugesk's Armour Boutique.
 34005 | Orc:2    | Found Zafucajo's Gadget Emporium.
 34874 | Orc:2    | Bought a scroll labeled YSHRUV LIOFI for 29 gold pieces
 34875 | Orc:2    | Bought a scroll of identify for 22 gold pieces
 34875 | Orc:2    | Bought a scroll of acquirement for 572 gold pieces
 34875 | Orc:2    | Bought a scroll of blinking for 82 gold pieces
 34875 | Orc:2    | Bought a scroll of blinking for 82 gold pieces
 34875 | Orc:2    | Bought a scroll of identify for 22 gold pieces
 34880 | Orc:2    | Got a polished buckler
 34891 | Orc:2    | Identified the +0 buckler of Grot {Str+4} (You acquired it on level 2 of the Orcish Mines)
 34957 | Orc:2    | Bought a +0 robe of magic resistance for 84 gold pieces
 34959 | Orc:2    | Bought a steel ring for 145 gold pieces
 35727 | D:14     | Found a gate to the Vaults.
 36081 | D:15     | Entered Level 15 of the Dungeon
 36330 | D:15     | Found a staircase to the Depths.
 36376 | D:15     | Noticed Agnes
 36391 | D:15     | Killed Agnes
 36452 | D:15     | Offered knowledge of Ozocubu's Refrigeration by Vehumet.
 36634 | D:15     | Noticed Nessos
 36639 | D:15     | Killed Nessos
 36793 | D:15     | Reached XP level 16. HP: 80/92 MP: 35/35
 37413 | Elf:1    | Entered Level 1 of the Elven Halls
 37548 | Elf:1    | Noticed kal9871's ghost (adept TrAs)
 37830 | Snake:1  | Entered Level 1 of the Snake Pit
 38598 | Snake:1  | Got a silken robe
 38599 | Snake:1  | Identified the +1 robe "Wion Vov" {rCorr} (You found it on level 1 of the Snake Pit)
 39904 | Snake:1  | Reached skill level 5 in Stealth
 40209 | Snake:1  | Found a sacrificial altar of Ru.
 40218 | Snake:1  | Got a scorched shortbow
 40596 | Snake:1  | Found a runed door.
 41147 | Snake:2  | Offered knowledge of Spellforged Servitor by Vehumet.
 43412 | Snake:3  | HP: 4/92 [anaconda (1)]
 43689 | Snake:3  | Reached skill level 16 in Conjurations
 44546 | Snake:3  | Reached XP level 17. HP: 97/97 MP: 36/36
 44863 | Snake:3  | Identified the Catalogue of Displaced Confrontation
 45457 | D:10     | Lost mutation: You possess an exceptional clarity of mind. [potion of mutation]
 45457 | D:10     | Lost mutation: You have a pair of small antennae on your head. [potion of mutation]
 45457 | D:10     | Gained mutation: You are resistant to hostile enchantments. (MR+) [potion of mutation]
 45457 | D:10     | Gained mutation: Armour fits poorly on your strangely shaped body. [potion of mutation]
 45457 | D:10     | Gained mutation: You are highly resistant to hostile enchantments. (MR++) [potion of mutation]
 45458 | D:10     | Lost mutation: Armour fits poorly on your strangely shaped body. [potion of mutation]
 45458 | D:10     | Lost mutation: You are highly resistant to hostile enchantments. (MR++) [potion of mutation]
 45458 | D:10     | Lost mutation: You are resistant to hostile enchantments. (MR+) [potion of mutation]
 45458 | D:10     | Gained mutation: You are robust. (+10% HP) [potion of mutation]
 45458 | D:10     | Gained mutation: You are surrounded by a mild repulsion field. (EV +2) [potion of mutation]
 45458 | D:10     | Gained mutation: You are partially covered in icy blue scales. (AC +2) [potion of mutation]
 46354 | Snake:3  | Offered knowledge of Iron Shot by Vehumet.
 46712 | Snake:2  | Learned a level 6 spell: Iron Shot
 46715 | Snake:3  | Reached skill level 1 in Earth Magic
 46919 | Snake:3  | Noticed Aizul
 46927 | Snake:3  | Killed Aizul
 48269 | Snake:4  | Entered Level 4 of the Snake Pit
 48290 | Snake:4  | Reached skill level 5 in Earth Magic
 48694 | Snake:4  | Noticed Jorgrun
 48705 | Snake:4  | Killed Jorgrun
 48706 | Snake:4  | Noticed pedritolo's ghost (adept DrCK)
 48981 | Snake:3  | HP: 4/106 [shock serpent/bolt of electricity (24)]
 48982 | Snake:3  | HP: 1/106 [something (3)]
 49646 | Snake:4  | Killed pedritolo's ghost
 50437 | Snake:4  | Noticed Vashnia
 50473 | Snake:4  | Killed Vashnia
 50473 | Snake:4  | Reached skill level 10 in Earth Magic
 51652 | Snake:2  | Reached XP level 18. HP: 113/113 MP: 33/38
 52936 | Snake:2  | Reached ****** piety under Vehumet
 53907 | Snake:4  | Offered knowledge of Lehudib's Crystal Spear by Vehumet.
 53907 | Snake:4  | Offered knowledge of Fire Storm by Vehumet.
 53907 | Snake:4  | Offered knowledge of Tornado by Vehumet.
 54015 | Snake:4  | Got a serpentine rune of Zot
 54291 | D:10     | Identified the cursed +1 shortbow of Luxury {venom, *Corrode rElec Str+4 Dex+6} (You found it on level 1 of the Snake Pit)
 54443 | Shoals:1 | Entered Level 1 of the Shoals
 54448 | Shoals:1 | Reached skill level 17 in Conjurations
 54481 | Shoals:1 | Found Agarph's Assorted Antiques.
 54489 | Shoals:1 | Bought a dented amethyst amulet for 130 gold pieces
 54489 | Shoals:1 | Bought a potion of lignification for 78 gold pieces
 56192 | Shoals:3 | HP: 1/115 [merfolk aquamancer/torrent of water (45)]
 56707 | Shoals:3 | Reached skill level 15 in Spellcasting
 57200 | Shoals:3 | Reached XP level 19. HP: 121/121 MP: 40/40
 57613 | Shoals:3 | Found Plog's General Store.
 57633 | Shoals:3 | Bought a bread ration for 80 gold pieces
 57633 | Shoals:3 | Bought a royal jelly for 32 gold pieces
 57633 | Shoals:3 | Bought a potion of lignification for 48 gold pieces
 57633 | Shoals:3 | Bought a meat ration for 80 gold pieces
 57668 | Shoals:4 | Entered Level 4 of the Shoals
 57721 | Shoals:4 | Reached skill level 15 in Fire Magic
 58982 | Shoals:4 | Got a barnacled rune of Zot
 59124 | Shoals:4 | Got a crude lapis lazuli ring
 59148 | Shoals:4 | Identified the ring of Juaqun {Str+2 Stlth+} (You took it off a merfolk siren on level 4 of the Shoals)
 59213 | Shoals:4 | Noticed Ilsuiw
 59213 | Shoals:4 | Reached skill level 18 in Conjurations
 59221 | Shoals:4 | Killed Ilsuiw
 60725 | Shoals:3 | Bought a scroll of identify for 32 gold pieces
 61083 | Elf:1    | Killed kal9871's ghost
 61232 | Elf:1    | Learned a level 9 spell: Fire Storm
 61245 | Elf:1    | Noticed Louise
 61265 | Elf:1    | Killed Louise
 61855 | Elf:1    | Identified Inkaafos's Papyrus of Evil
 61949 | Elf:1    | Noticed Nikola
 61965 | Elf:1    | Killed Nikola
 63202 | Elf:2    | Lost mutation: You are robust. (+10% HP) [a cacodemon]
 63203 | Elf:2    | Gained mutation: You are partially covered in molten scales. (AC +2) [a cacodemon]
 63401 | Elf:2    | Reached XP level 20. HP: 115/115 MP: 42/42
 63600 | Elf:2    | Found a runed gate.
 63600 | Elf:2    | Found a runed gate.
 63600 | Elf:2    | Found a runed gate.
 64802 | Elf:2    | Reached skill level 19 in Conjurations
 65596 | Elf:3    | Entered Level 3 of the Elven Halls
 67103 | Elf:3    | Killed from afar by a deep elf sorcerer

Vault maps used:
D:1:      ldierk_walled_garden
D:2:      minmay_wonky_spiral, old_standard_altar
D:3:      dancing_weapons_uskayaw, nicolae_overflow_hidden_temple
D:4:      kennysheep_mini, first_bread, tgw_kikubaaqudgha, uniq_sigmund
D:5:      old_standard_altar, temple_fountains
D:6:      portal_sewer_entry_a, minmay_misc_feat_rows, minivault_27
D:7:      kennysheep_big_flooded_room, overflow_temple_1_default, serial_shops,
          shop, grunt_ogre_cave, grunt_qazlal_clouds
D:9:      minitemple, basic_altar
D:10:     dpeg_oklobed_lair, orc_0_dummy, hangedman_decor_opposing,
          minmay_ruined_shrine, uniq_nergalle
D:11:     grunt_gozag_statues
D:12:     fedhas_altar_3
D:14:     david_vaults_1, serial_bayou_shore_b
D:15:     grunt_enter_depths_hoard, uniq_agnes, uniq_nessos
Temple:   nicolae_temple_great_sept
Lair:2:   elwin_shoals_entry_stream, hangedman_lair_generics_rect
Lair:3:   dummy_snake_entry, nicolae_quartered_pool_medium, uniq_rupert,
          uniq_fannar
Lair:4:   lemuel_reptile_caves, lab_entry_generic, columned_hall_lemuel
Lair:5:   slime_altar_1
Lair:6:   cheibrodos_lair_end_hotspot, minivault_27, serial_bayou_pond_e,
          serial_bayou_shore_a
Shoals:1: serial_shops, shop
Shoals:3: cheibrodos_shoals_gigantism, serial_shops,
          nicolae_shop_temple_entry_statues_fountains, st_sunken_huts
Shoals:4: shoals_end_hangedman, shoal_ilsuiw, hangedman_shoals_cup_caves
Snake:1:  cheibrodos_toxic_ritual, basic_altar
Snake:2:  serial_bayou_shore_b
Snake:3:  uniq_aizul
Snake:4:  snake_pit, serial_bayou_ford_a, uniq_jorgrun, uniq_vashnia
Orc:2:    st_orc_ogre_mass, nicolae_orc_bridge_out
Elf:1:    portal_ice_cave_entry_horrid_things, portal_desolation_entry_ruin,
          minmay_elf_necromancy, uniq_nikola, uniq_louise
Elf:2:    st_stairs_3, serial_sigils_hangedman_confine
Elf:3:    minmay_elf_hall_spiked, gammafunk_sealed_arena
Sewer:    kennysheep_door_sewer

Skill      XL: |  1  2  3  4  5  6  7  8  9 10 11 12 13 14 15 16 17 18 19 20 |
---------------+-------------------------------------------------------------+-----
Conjurations   | 5 6 7 8 9 10 11 12 13 14 15 16 17 18 19 | 19.4
Spellcasting   | 4 5 6 7 8 9 10 11 12 13 14 15 16 17 | 17.4
Hexes          | 1 3 4 5 |  5.7
Translocations | 1 2 3 4 |  4.9
Dodging        | 3 4 5 6 7 8 9 10 11 12 | 12.8
Fighting       | 1 2 3 4 5 6 7 8 9 |  9.1
Armour         | 2 3 4 |  4.7
Ice Magic      | 1 2 4 5 6 8 9 |  9.3
Shields        | 1 3 5 6 7 8 9 |  9.0
Fire Magic     | 4 6 8 9 11 12 13 14 16 18 | 18.4
Evocations     | 2 4 6 |  6.6
Summonings     | 1 3 |  3.9
Stealth        | 4 6 8 |  8.0
Earth Magic    | 11 12 | 12.0

Action                   |  1- 3 |  4- 6 |  7- 9 | 10-12 | 13-15 | 16-18 | 19-21 || total
-------------------------+-------+-------+-------+-------+-------+-------+-------++-------
Melee: Dagger            |       |       |     1 |       |       |       |       ||     1
       Staff             |       |       |       |     6 |     6 |    11 |       ||    23
 Cast: Magic Dart        |    51 |    52 |    49 |    62 |    12 |       |       ||   226
       Searing Ray       |    12 |    19 |    44 |    33 |    27 |    36 |     1 ||   172
       Iskenderun's Myst |       |     5 |    22 |    36 |   244 |   387 |   248 ||   942
       Fulminant Prism   |       |    13 |    30 |    41 |    48 |    33 |    21 ||   186
       Force Lance       |       |     1 |    16 |    51 |   125 |    65 |    29 ||   287
       Freeze            |       |       |     5 |     7 |       |       |       ||    12
       Gell's Gravitas   |       |       |     2 |    15 |    17 |     4 |       ||    38
       Throw Flame       |       |       |       |    87 |       |       |       ||    87
       Conjure Flame     |       |       |       |    19 |    16 |    34 |     3 ||    72
       Throw Icicle      |       |       |       |    57 |   305 |   110 |    39 ||   511
       Fireball          |       |       |       |    13 |   101 |   128 |    95 ||   337
       Blink             |       |       |       |       |       |    22 |     3 ||    25
       Iron Shot         |       |       |       |       |       |   220 |   145 ||   365
Evoke: Wand              |       |       |       |       |     7 |     3 |     6 ||    16
  Use: Scroll            |       |       |    10 |    15 |    16 |    20 |     6 ||    67
       Potion            |       |       |       |     5 |     3 |    13 |     3 ||    24
  Eat: Chunk             |     4 |    12 |    11 |    14 |    28 |    28 |    48 ||   145
       Fruit             |       |       |     1 |     2 |     1 |     5 |       ||     9
       Bread ration      |       |       |     1 |     1 |     5 |     9 |       ||    16
       Meat ration       |       |       |     1 |     2 |     1 |     5 |       ||     9
       Royal jelly       |       |       |       |     1 |     1 |       |       ||     2
Armor: Robe              |     2 |    12 |     5 |       |       |     2 |     7 ||    28
       Leather armour    |       |       |     5 |    12 |    27 |    73 |    16 ||   133
       Skin              |       |       |       |       |       |    10 |       ||    10
Dodge: Dodged            |    17 |    40 |    44 |    51 |    62 |   250 |   105 ||   569
Block: Shield            |       |       |       |    31 |    59 |    18 |       ||   108
       Buckler           |       |       |       |       |       |   104 |    56 ||   160
       Reflection        |       |       |       |       |       |    35 |    25 ||    60
